 Dungeon Crawl Stone Soup version 0.28-a0-724-g66f9036eb4 (webtiles) character file.

Game seed: 13098492036241513232

1440 bande the Chopper (level 8, -9/49 HPs)
             Began as a Gargoyle Fighter on Oct 25, 2021.
             Mangled by a two-headed ogre (14 damage)
             ... on level 6 of the Dungeon on Oct 26, 2021.
             The game lasted 00:09:02 (3651 turns).

bande the Chopper (Gargoyle Fighter)                Turns: 3651, Time: 00:09:04

Health: -9/49      AC: 31    Str: 21    XL:     8   Next: 74%
Magic:  8/8        EV:  8    Int:  9    God:
Gold:   208        SH:  4    Dex:  8    Spells: 7/7 levels left

rFire   . . .      SeeInvis .   a - +1 war axe (protect)
rCold   . . .      Faith    .   c - +0 buckler
rNeg    + + .      Spirit   .   s - +0 chain mail
rPois   ∞          Reflect  .   f - +0 helmet
rElec   +          Harm     .   n - +0 cloak
rCorr   .          Rampage  .   o - +0 pair of gloves
Will    +....                   i - +0 pair of boots
Stlth   ..........              k - amulet of regeneration
HPRegen 1.16/turn               l - +4 ring of protection
MPRegen 0.11/turn               u - ring of positive energy

@: under a protective aura, studying Hexes, unable to read
A: sickness immunity, AC +5, negative energy resistance 1, electricity
resistance, torment resistance 1, petrification resistance, hooves 1, clumsy 1,
strong-willed 1, inability to read while threatened
a: no special abilities


You were on level 6 of the Dungeon.
You visited 1 branch of the dungeon, and saw 6 of its levels.

You collected 208 gold pieces.

Inventory:

Hand Weapons
 a - a +1 war axe of protection (weapon)
 p - a +0 war axe
 w - the +6 mace "Worm's Wrath" {vorpal, Contam Dex+6}
   (You found it on level 4 of the Dungeon)

   It inflicts extra damage upon your enemies.
   Dex:       It affects your dexterity (+6).
   Contam:    It causes magical contamination when unequipped.
Armour
 c - a +0 buckler (worn)
 f - a +0 helmet (worn)
 i - a +0 pair of boots (worn)
 n - a +0 cloak (worn)
 o - a +0 pair of gloves (worn)
 s - a +0 chain mail (worn)
Jewellery
 e - an amulet of the acrobat
 k - an amulet of regeneration (around neck)
 l - a +4 ring of protection (left hand)
 u - a ring of positive energy (right hand)
Wands
 b - a wand of mindburst (14)
Scrolls
 q - a scroll of holy word
 t - 2 scrolls of enchant weapon
Potions
 d - 2 potions of might
 g - 2 potions of brilliance
 h - a potion of lignification {unknown}
 j - a potion of mutation
 m - 2 potions of magic {unknown}
 r - a potion of heal wounds {unknown}
 v - a potion of ambrosia {unknown}
 x - a potion of haste {unknown}


   Skills:
 + Level 5.2 Fighting
 + Level 7.4 Axes
 + Level 6.1 Armour
 + Level 5.0 Shields


You had 7 spell levels left.
You didn't know any spells.
Your spell library was empty.

Dungeon Overview and Level Annotations

Branches:
Dungeon (6/15)
 Temple: D:4-7

Altars:
Trog
Xom
Zin


Innate Abilities, Weirdness & Mutations

You are immune to sickness and miasma.
Your stone body is resilient. (AC +5)
You are immune to poison.
You resist negative energy. (rN+)
You are resistant to electric shocks. (rElec)
You are resistant to unholy torment.
You are immune to petrification.
You have large cloven feet.
You are clumsy. (Dex -2)
You are strong-willed. (Will+)
You sometimes lose the ability to read scrolls when taking damage.


Message History

An iguana comes into view.
The iguana hisses angrily.
You slash the two-headed ogre!
The two-headed ogre is heavily wounded.
The two-headed ogre hits you but does no damage. x2
You hit the two-headed ogre but do no damage.
The two-headed ogre is heavily wounded.
The two-headed ogre barely misses you.
The two-headed ogre hits you but does no damage.
You hit the two-headed ogre.
The two-headed ogre is heavily wounded.
The two-headed ogre hits you with a +0 giant club!!
The two-headed ogre hits you with a +0 giant club.
You slash the two-headed ogre!
The two-headed ogre is severely wounded.
The two-headed ogre hits you with a +0 giant club!
The two-headed ogre hits you with a +0 giant club.
* * * LOW HITPOINT WARNING * * *
You barely miss the two-headed ogre.
The two-headed ogre is severely wounded.
The two-headed ogre closely misses you. The two-headed ogre barely misses you.
You slash the two-headed ogre!
The two-headed ogre is almost dead.
You closely miss the two-headed ogre.
The two-headed ogre is almost dead.
You closely miss the iguana.
The two-headed ogre hits you with a +0 giant club!
* * * LOW HITPOINT WARNING * * *
The two-headed ogre hits you with a +0 giant club.
* * * LOW HITPOINT WARNING * * *
The iguana closely misses you.
The iguana bites you but does no damage.
It was a potion of mutation.
You feel extremely strange.
You feel clumsy.
You lose the ability to read scrolls when threatened.
You feel strong-willed.
Your feet thicken and deform.
The two-headed ogre hits you but does no damage.
The two-headed ogre hits you with a +0 giant club!
You feel threatened and lose the ability to read scrolls!
You die...

#$ #.### ###
.... ...
#..##.#
#.....##
###^.....###
.......O...##
#.@.#..#
#.##..l.#
#.......###
#..###<....#
?.. ##....#
.. ###...# #
#..# ..# ..#


You could see a two-headed ogre and an iguana.

Vanquished Creatures
  Grinder (D:5)
  Duvessa (D:4)
  2 ogres (D:5)
  A centaur (D:5)
  2 phantoms (D:5)
  Blork the orc (D:4)
  3 scorpions
  A water moccasin skeleton (D:5)
  Dowan (D:4)
  A howler monkey (D:5)
  2 centaur skeletons (D:5)
  2 jellies (D:5)
  2 hounds (D:5)
  3 iguanas
  3 adders
  An ufetubus (D:4)
  An adder zombie (D:5)
  A worm (D:2)
  A dart slug (D:1)
  5 orcs
  4 ball pythons
  3 endoplasms
  3 giant cockroaches
  13 goblins
  4 hobgoblins
  7 kobolds
  2 quokkas
  8 bats
  A frilled lizard (D:1)
  7 rats
87 creatures vanquished.

Notes
Turn   | Place    | Note
-------+----------+-------------------------------------------
     0 | D:1      | bande the Gargoyle Fighter began the quest for the Orb.
     0 | D:1      | Reached XP level 1. HP: 14/14 MP: 1/1
   106 | D:1      | Reached XP level 2. HP: 16/19 MP: 2/2
   449 | D:1      | Reached skill level 2 in Axes
   601 | D:1      | Reached XP level 3. HP: 23/23 MP: 3/3
  1149 | D:2      | Found a shimmering altar of Xom.
  1545 | D:3      | Upgraded the game from 0.28-a0-723-g095bd1b44f to
                  | 0.28-a0-724-g66f9036eb4
  1613 | D:3      | Reached XP level 4. HP: 29/29 MP: 4/4
  1722 | D:3      | Noticed a scorpion
  1727 | D:3      | Killed a scorpion
  1728 | D:3      | Reached skill level 3 in Axes
  1728 | D:3      | Reached XP level 5. HP: 33/33 MP: 5/5
  1799 | D:3      | Found a bloodstained altar of Trog.
  2132 | D:4      | Reached skill level 4 in Axes
  2223 | D:4      | Reached XP level 6. HP: 36/38 MP: 6/6
  2231 | D:4      | Noticed Dowan
  2231 | D:4      | Noticed Duvessa
  2244 | D:4      | Killed Dowan
  2247 | D:4      | Killed Duvessa
  2659 | D:4      | Noticed Blork the orc
  2674 | D:4      | Killed Blork the orc
  2675 | D:4      | Reached skill level 5 in Axes
  2675 | D:4      | Reached XP level 7. HP: 44/44 MP: 7/7
  2679 | D:4      | Identified the +6 mace "Worm's Wrath" {vorpal, Contam
                  | Dex+6}
  2884 | D:5      | Entered Level 5 of the Dungeon
  2897 | D:5      | Reached skill level 5 in Armour
  2934 | D:5      | Reached skill level 6 in Axes
  2962 | D:5      | Reached XP level 8. HP: 48/48 MP: 8/8
  3053 | D:5      | Found a glowing silver altar of Zin.
  3381 | D:5      | Reached skill level 5 in Fighting
  3424 | D:5      | Reached skill level 7 in Axes
  3498 | D:5      | Noticed Grinder
  3499 | D:5      | Paralysed by Grinder for 5 turns
  3509 | D:5      | Paralysed by Grinder for 2 turns
  3517 | D:5      | Killed Grinder
  3597 | D:5      | Reached skill level 5 in Shields
  3635 | D:6      | Noticed a two-headed ogre
  3651 | D:6      | Gained mutation: You are clumsy. (Dex -2) [potion of
                  | mutation]
  3651 | D:6      | Gained mutation: You sometimes lose the ability to read
                  | scrolls when taking damage. [potion of mutation]
  3651 | D:6      | Gained mutation: You are strong-willed. (Will+) [potion of
                  | mutation]
  3651 | D:6      | Gained mutation: You have large cloven feet. [potion of
                  | mutation]
  3651 | D:6      | Mangled by a two-headed ogre

Illustrated notes

Levels and vault maps discovered:
D:1:      minmay_arrival_shattered_statue, layout_loops_ring,
          minmay_close_crescents
D:2:      layout_basic, basic_altar
D:3:      layout_basic, trog_three_pillars_becter
D:4:      layout_loops_ring, uniq_duvessa, uniq_blork_the_orc
D:5:      layout_basic, nicolae_overflow_crystal_walls, minmay_manual_mess,
          uniq_grinder
D:6:      layout_rooms, minmay_temple_entry_crystal_x, portal_sewer_entry_d,
          serial_shops, nicolae_shop_overgrown_old_shop, minmay_misc_feat_roman,
          uniq_crazy_yiuf_cottage

Skill      XL: |  1  2  3  4  5  6  7  8 |
---------------+-------------------------+-----
Axes           | 2 3 4 5 6 7 |  7.4
Armour         | 4 5 6 |  6.1
Fighting       | 4 5 |  5.2
Shields        | 4 5 |  5.0

Action                   |  1- 3 |  4- 6 |  7- 9 || total
-------------------------+-------+-------+-------++-------
Melee: War axe           |   137 |    77 |   122 ||   336
  Use: Scroll            |     1 |     5 |     2 ||     8
       Potion            |       |       |     1 ||     1
Armor: Scale mail        |    82 |    31 |       ||   113
       Chain mail        |       |    24 |   114 ||   138
Dodge: Dodged            |    92 |    50 |    62 ||   204
Block: Buckler           |    38 |    14 |    27 ||    79

Table legend: (Time is in decaauts)
 A = Elapsed time spent in this place.
 B = Non-inter-level travel time spent in this place.
 C = Inter-level travel time spent in this place.
 D = Time resting spent in this place.
 E = Time spent auto-exploring this place.
 F = Levels seen in this place.
 G = Mean time per level.
                   A        B        C        D        E       F      G
               +--------+--------+--------+--------+--------+-----+--------+
         Total |   3751 |   3717 |     34 |    270 |   2401 |   6 |  625.2 |
       Dungeon |   3751 |   3717 |     34 |    270 |   2401 |   6 |  625.2 |
               +--------+--------+--------+--------+--------+-----+--------+

Top non-repeatable levels by time:
     D:1: 1054 daAuts
     D:4: 785 daAuts
     D:5: 768 daAuts
     D:3: 584 daAuts
     D:2: 539 daAuts
     D:6: 19 daAuts
